 Dungeon Sprint DCSS version 0.26-a0-1026-g544776af23 (webtiles) character file.

Game seed: 13048887995486465402

26503 sahdkjhfkaj the Warrior (level 12, -15/130 HPs)
             Began as a Yellow Draconian Fire Elementalist on Dec 9, 2020.
             Was the Champion of Makhleb.
             Demolished by a sun demon (18 damage)
             ... in the Dungeon (Sprint V: "Ziggurat Sprint").
             The game lasted 00:05:10 (1595 turns).

sahdkjhfkaj the Warrior (DrFE)                      Turns: 1595, Time: 00:05:11

Health: -15/130    AC: 12    Str: 11    XL:     12   Next: 98%
Magic:  11/26      EV: 25    Int: 25    God:    Makhleb [******]
Gold:   0          SH:  0    Dex: 13    Spells: 25/31 levels left

rFire    . . .     SeeInvis .   a - +7 Screaming Sword {vorpal, sonic wave}
rCold    + + +     Faith    .   (no shield)
rNeg     + . .     Spirit   .   (armour unavailable)
rPois    .         Reflect  .   (helmet restricted)
rElec    +         Harm     .   C - +1 cloak of Starlight {rElec rC+ EV+4 Stlth--}
rCorr    +         Rampage  .   j - +1 pair of gloves of Precision Catastrophes {rC++ rN+}
Will     .....     Rnd*Rage +   (no boots) Stlth ..........NoTele +
                                (no amulet)
HPRegen  0.31/turn              T - +6 ring of intelligence
MPRegen  0.20/turn              (no ring)

@: mighty, berserking (expiring), hasted, very quick
A: spit acid, unfitting armour, berserk 1, [frail 3], cold-blooded, acid
resistance, AC +8
a: Breathe Acid, Minor Destruction, Lesser Servant of Makhleb, Major
Destruction, Greater Servant of Makhleb, Renounce Religion


You were in the Dungeon.
You worshipped Makhleb.
Makhleb was exalted by your worship.
You visited 1 branch

Inventory:

Hand Weapons
 a - the +7 Screaming Sword (weapon) {vorpal, sonic wave}
   (You found it in the Dungeon)

   It inflicts extra damage upon your enemies.
Armour
 j - the +1 pair of gloves of Precision Catastrophes (worn) {rC++ rN+}
   (You found it in the Dungeon)

   It greatly protects you from cold.
   It protects you from negative energy.
 C - the +1 cloak of Starlight (worn) {rElec rC+ EV+4 Stlth--}
   (You found it in the Dungeon)

   It affects your evasion (+4).
   It protects you from cold.
   It insulates you from electricity.
   It makes you much less stealthy.
Magical Staves
 b - an uncursed staff of fire
Jewellery
 r - an uncursed ring of flight
 s - a +6 ring of dexterity
 t - a +6 ring of intelligence
 u - a +6 ring of dexterity
 v - a +6 ring of strength
 w - a +6 ring of strength
 T - a +6 ring of intelligence (left hand)
Wands
 x - a wand of disintegration (7)
 y - a wand of iceblast (7) {@v4}
 z - a wand of acid (7) {@v2}
Scrolls
 g - 2 scrolls of blinking {@r4}
 h - 4 scrolls of enchant weapon
 l - 4 scrolls of amnesia
 m - 6 scrolls of fog
 n - a scroll of holy word
 o - 5 scrolls of identify {@r1}
 p - 5 scrolls of remove curse {@r2}
 q - 2 scrolls of fear
Potions
 c - 7 potions of heal wounds {@q2}
 d - 2 potions of haste {@q3}
 e - 6 potions of magic
 f - a potion of berserk rage
 i - 3 potions of resistance {@q6}
 k - 3 potions of might {@q4}
 B - 2 potions of brilliance
 D - 10 potions of curing {@q1}
Miscellaneous
 A - a lightning rod (4/4)


   Skills:
 + Level 17.1 Fighting
 + Level 14.8 Dodging
 - Level 1.7 Stealth
 - Level 10.0 Spellcasting
 - Level 15.0 Conjurations
 - Level 15.0 Fire Magic


You had 25 spell levels left.
You knew the following spells:

 Your Spells              Type           Power        Failure   Level
a - Foxfire               Conj/Fire      ####         0%          1
e - Fireball              Conj/Fire      ######....   1%          5

Your spell library contained the following spells:

 Spells                   Type           Power        Failure   Level
 Shock                    Conj/Air       ####         1%          1
 Conjure Flame            Conj/Fire      ######..     1%          3
 Inner Flame              Hex/Fire       ######..     1%          3
 Mephitic Cloud           Conj/Pois/Air  #####...     1%          3
 Static Discharge         Conj/Air       ######..     1%          3
 Sticky Flame             Conj/Fire      ######..     1%          4
 Fulminant Prism          Conj/Hex       ######....   2%          4
 Pain                     Necr           ##..         4%          1
 Lightning Bolt           Conj/Air       ######....   6%          5
 Blink                    Tloc           N/A          8%          2
 Ensorcelled Hibernation  Hex/Ice        ##....       8%          2
 Poisonous Vapours        Pois/Air       ##....       8%          2
 Swiftness                Air            ##......     8%          2
 Lesser Beckoning         Tloc           ##........   14%         3
 Summon Guardian Golem    Hex/Summ       ##......     14%         3
 Airstrike                Air            ##........   43%         4
 Dispel Undead            Necr           ##......     43%         4
 Freezing Cloud           Conj/Ice/Air   #####.....   67%         6
 Dispersal                Tloc           ##........   100%        6


Dungeon Overview and Level Annotations

Branches:
Dungeon (1/1)

Altars:
Ashenzari
Cheibriados
Dithmenos
Elyvilon
Fedhas
Gozag
Hepliaklqana
Kikubaaqudgha
Makhleb
Nemelex Xobeh
Okawaru
Qazlal
Ru
Sif Muna
Trog
Uskayaw
Vehumet
Wu Jian
Xom
Yredelemnul
Zin
The Shining One
Beogh
Jiyva
Lugonu


Innate Abilities, Weirdness & Mutations

You can spit globs of acid.
Your golden yellow scales are hard. (AC +8)
You cannot fit into any form of body armour.
You are cold-blooded and may be slowed by cold attacks.
You are resistant to acid. (rCorr)
You tend to lose your temper in combat.
[You are extremely frail. (-30% HP)]


Message History

* * * LOW HITPOINT WARNING * * *
The ufetubus shouts!
You hit the sun demon.
The sun demon is lightly wounded.
The wretched star pulses with an eldritch light!
You feel frail. The ynoxinul gestures at you. The iron shot misses you.
The iron imp hits you with a +2 hand axe of freezing!
* * * LOW HITPOINT WARNING * * *
The sun demon completely misses you.
The crimson imp blinks!
A small abomination comes into view.
You hit the sun demon.
The sun demon is moderately wounded.
The crimson imp spits at you. The crimson imp barely misses you.
The white imp completely misses you. The sun demon hits you!
* * * LOW HITPOINT WARNING * * *
You are engulfed in flames!!
You die...

▓...©....▓.
▓...x.......▓▓▓▓▓▓▓▓▓▓▓
...........▓...8©8...▓
▓ ......... ▓..)}})...▓
▓. .5.X... .▓....)[...▓
.. 5x55. ..▓.........▓
▓.▓5x5▓5▓ ▓.........▓
▓..▓55335▓..▓.........▓
▓...55@5*...▓.........▓
▓▓▓▓▓▓▓▓▓▓▓▓▓.▓.....▓.▓
▓....8©8....▓....©....▓
▓..|)|)).}..▓▓▓▓▓▓▓▓▓▓▓
▓4.."ee*)...▓...8©8...▓
▓..o.e(..(..▓..)[[.)..▓
▓...e..(....▓...[):...▓
▓.......e...▓.........▓
▓...........▓.........▓


You could see a wretched star, a sun demon, a large abomination, a ynoxinul, 3
small abominations, an iron imp, 2 crimson imps, a white imp and 9 ufetubi.

Vanquished Creatures
  2 deep elf master archers (D)
  2 deep elf sorcerers (D)
  A deep elf high priest (D)
  3 vault guards (D)
  3 dancing weapons (D)
  2 deep elf knights (D)
  A sixfirhy (D)
  2 spriggan druids (D)
  2 deep elf archers (D)
  2 deep elf magi (D)
  An ironbrand convoker (D)
  A wolf spider (D)
  3 shining eyes (D)
  An eye of devastation (D)
  A hellwing (D)
  A hornet (D)
  A wind drake (D)
  A slime creature (D)
  4 air elementals (D)
  Sigmund (D)
  5 spriggans (D)
  2 golden eyes (D)
  4 insubstantial wisps (D)
  A water moccasin (D)
  3 black bears (D)
  2 eyes of draining (D)
  4 wolves (D)
  A quasit (D)
  5 jellies (D)
  2 iron imps (D)
  Jessica (D)
  An adder (D)
  A white imp (D)
  An ooze (D)
  6 ball lightnings (D)
  A ball python (D)
75 creatures vanquished.

Vanquished Creatures (others)
  A red devil (D)
  2 insubstantial wisps (D)
  2 ball lightnings (D)
5 creatures vanquished.

Grand Total: 80 creatures vanquished

Notes
Turn   | Place    | Note
-------+----------+-------------------------------------------
     0 | D        | sahdkjhfkaj the Draconian Fire Elementalist began the quest
                  | for the Orb.
     0 | D        | Reached XP level 1. HP: 14/14 MP: 3/3
     0 | D        | Found a shimmering blue altar of Sif Muna.
     0 | D        | Found a sacrificial altar of Ru.
     0 | D        | Found a bloodstained altar of Trog.
     0 | D        | Found a stormy altar of Qazlal.
     0 | D        | Found an iron altar of Okawaru.
     0 | D        | Found a sparkling altar of Nemelex Xobeh.
     0 | D        | Found a blossoming altar of Fedhas.
     1 | D        | Found the +6 Majin-Bo {vamp, MP+6 Int+6}
     1 | D        | Found the +9 heavy crossbow "Sniper" {vorpal, Acc+∞ SInv}
     1 | D        | Found the +10 dark maul {vorpal}
     1 | D        | Found the +15 Maxwell's patent armour {-Cast -Tele rElec
                  | Will+ rCorr}
     1 | D        | Found the +18 shield of the Gong {rElec rN+ Will+ EV-5}
     1 | D        | Found the cursed +14 obsidian axe {vorpal, +Fly SInv
                  | *Curse}
     1 | D        | Found the +7 great mace "Firestarter" {inner flame, rF++}
     1 | D        | Found the +6 shillelagh "Devastator" {shatter}
     1 | D        | Found the +11 plutonium sword {*Contam Stlth-}
     1 | D        | Found the +8 lance "Wyrmbane" {slay drac, rPois rF+ rC+
                  | AC+3}
     1 | D        | Found the +9 sword of Zonguldrok {reap}
     1 | D        | Found the cursed +13 scythe of Curses {drain, *Curse}
     1 | D        | Found the +0 sword of Power
     1 | D        | Found the +7 mace of Variability {chain chaos}
     1 | D        | Found the +7 Singing Sword {vorpal, sonic wave}
     1 | D        | Found the +8 storm bow {elec, penet}
     2 | D        | Found a transporter.
     2 | D        | Found an ancient bone altar of Kikubaaqudgha.
     2 | D        | Found a viscous altar of Jiyva.
     2 | D        | Found a corrupted altar of Lugonu.
     2 | D        | Found a hazy altar of Hepliaklqana.
     2 | D        | Found a burning altar of Makhleb.
     2 | D        | Found an opulent altar of Gozag.
    49 | D        | Became a worshipper of Makhleb the Destroyer
    60 | D        | Entered arena 2.
    60 | D        | Noticed Sigmund
    60 | D        | Noticed Jessica
    60 | D        | Found a transporter.
    61 | D        | Found the +1 cloak of Starlight {rElec rC+ EV+4 Stlth--}
    62 | D        | Killed Jessica
    63 | D        | Reached XP level 2. HP: 20/20 MP: 3/5
    65 | D        | Killed Sigmund
    66 | D        | Reached XP level 3. HP: 26/26 MP: 3/9
    66 | D        | Reached XP level 4. HP: 33/33 MP: 3/10
    66 | D        | Reached XP level 5. HP: 38/38 MP: 3/11
    76 | D        | Entered arena 3.
    76 | D        | Noticed a water moccasin
    76 | D        | Found a transporter.
    80 | D        | Reached * piety under Makhleb
    84 | D        | Killed a water moccasin
    85 | D        | Reached skill level 5 in Spellcasting
    85 | D        | Reached XP level 6. HP: 43/45 MP: 5/14
    89 | D        | Entered arena 4.
    89 | D        | Noticed an insubstantial wisp
    89 | D        | Noticed an insubstantial wisp
    89 | D        | Noticed an air elemental
    89 | D        | Noticed an insubstantial wisp
    89 | D        | Found a transporter.
    92 | D        | Killed an insubstantial wisp
    92 | D        | Reached ** piety under Makhleb
    92 | D        | Killed an air elemental
    92 | D        | Killed an insubstantial wisp
    93 | D        | Reached skill level 10 in Conjurations
    93 | D        | Reached skill level 10 in Fire Magic
    93 | D        | Your scales start taking on a golden yellow colour.
    93 | D        | Reached XP level 7. HP: 50/50 MP: 5/16
    93 | D        | Gained mutation: You are resistant to acid. (rCorr) [Yellow
                  | Draconian growth]
   115 | D        | Learned a level 5 spell: Fireball
   161 | D        | Entered arena 5.
   161 | D        | Noticed a sixfirhy
   161 | D        | Found a transporter.
   163 | D        | Reached *** piety under Makhleb
   163 | D        | Killed a sixfirhy
   164 | D        | Reached XP level 8. HP: 57/57 MP: 6/19
   342 | D        | Entered arena 6.
   342 | D        | Found a transporter.
   344 | D        | Reached **** piety under Makhleb
   561 | D        | Entered arena 7.
   561 | D        | Noticed a wolf spider
   561 | D        | Noticed a vault guard
   561 | D        | Noticed a deep elf archer
   561 | D        | Noticed a vault guard
   561 | D        | Noticed a vault guard
   561 | D        | Noticed an ironbrand convoker
   563 | D        | Killed an ironbrand convoker
   564 | D        | Reached XP level 9. HP: 62/62 MP: 10/21
   564 | D        | Killed a wolf spider
   564 | D        | Reached ***** piety under Makhleb
   568 | D        | Killed a vault guard
   571 | D        | Killed a deep elf archer
   571 | D        | Killed a vault guard
   572 | D        | Reached skill level 10 in Spellcasting
   572 | D        | Reached XP level 10. HP: 38/69 MP: 1/24
   575 | D        | Killed a vault guard
   576 | D        | Reached skill level 15 in Conjurations
   576 | D        | Reached skill level 15 in Fire Magic
   576 | D        | Reached skill level 3 in Fighting
   676 | D        | Found a transporter.
   813 | D        | Entered arena 8.
   815 | D        | Reached skill level 5 in Fighting
   815 | D        | Reached skill level 5 in Dodging
   815 | D        | Reached XP level 11. HP: 65/89 MP: 25/25
   817 | D        | Found a transporter.
   823 | D        | Reached skill level 6 in Fighting
   832 | D        | Entered arena 9.
   832 | D        | Noticed a shining eye
   833 | D        | Found a transporter.
   835 | D        | Reached skill level 7 in Fighting
   835 | D        | Reached ****** piety under Makhleb
   838 | D        | Killed a shining eye
   839 | D        | Reached skill level 8 in Fighting
   968 | D        | Got the +1 pair of gloves of Precision Catastrophes {rC++
                  | rN+}
   982 | D        | Entered arena 10.
   982 | D        | Noticed a shining eye
   982 | D        | Noticed a shining eye
   983 | D        | Found the +6 lightning scales {run, rElec}
   987 | D        | Killed a shining eye
   988 | D        | Reached skill level 9 in Fighting
   988 | D        | Gained mutation: You tend to lose your temper in combat. [a
                  | shining eye]
   989 | D        | Killed a shining eye
   990 | D        | Reached skill level 10 in Fighting
  1079 | D        | Found a transporter.
  1157 | D        | Got the Guide on Twisted Black Rites
  1166 | D        | Entered arena 11.
  1166 | D        | Noticed a spriggan druid
  1166 | D        | Noticed a spriggan druid
  1166 | D        | Noticed a spriggan rider
  1168 | D        | Killed a spriggan druid
  1169 | D        | Killed a spriggan rider
  1170 | D        | Reached skill level 11 in Fighting
  1170 | D        | Reached skill level 10 in Dodging
  1171 | D        | Killed a spriggan druid
  1172 | D        | Reached skill level 12 in Fighting
  1172 | D        | Reached XP level 12. HP: 112/112 MP: 0/26
  1214 | D        | Found a transporter.
  1321 | D        | Got Ehich's Guide on Enchantment and the Compass
  1327 | D        | Entered arena 12.
  1327 | D        | Noticed Feosiaho the pandemonium lord
  1327 | D        | Noticed Teonoila the pandemonium lord
  1327 | D        | Noticed Uwiagaicw the pandemonium lord
  1328 | D        | Noticed Ohupygos the pandemonium lord
  1328 | D        | Noticed a green death
  1328 | D        | Noticed Amio the pandemonium lord
  1330 | D        | Found a transporter.
  1333 | D        | Entered arena 13.
  1333 | D        | Noticed a deep elf high priest
  1333 | D        | Noticed a deep elf master archer
  1333 | D        | Noticed a deep elf master archer
  1339 | D        | Reached skill level 13 in Fighting
  1341 | D        | Killed a deep elf high priest
  1342 | D        | Reached skill level 14 in Fighting
  1342 | D        | Killed a deep elf master archer
  1343 | D        | Reached skill level 15 in Fighting
  1344 | D        | Killed a deep elf master archer
  1345 | D        | Reached skill level 16 in Fighting
  1385 | D        | Found a transporter.
  1568 | D        | Entered arena 14.
  1569 | D        | Noticed a deep elf blademaster
  1569 | D        | Noticed an orc high priest
  1569 | D        | Noticed a deep elf annihilator
  1569 | D        | Noticed a deep elf sorcerer
  1569 | D        | Noticed a deep elf master archer
  1570 | D        | Identified the ring "Iteang" {*Drain +Inv Dex+6 SInv
                  | Stlth-}
  1571 | D        | Noticed a deep elf sorcerer
  1573 | D        | Found a transporter.
  1576 | D        | Entered arena 15.
  1583 | D        | Killed a deep elf sorcerer
  1584 | D        | Killed a deep elf sorcerer
  1585 | D        | Reached skill level 17 in Fighting
  1595 | D        | HP: 3/130 [sun demon (16)]
  1595 | D        | Demolished by a sun demon

Illustrated notes

Levels and vault maps discovered:
D:        sprint_v [room_start, room_1, room_2, room_3, room_4, room_5, room_6,
          room_7, room_8, room_9, room_10, room_11, room_12, room_13, room_14,
          room_15, room_16, room_17, room_18, room_19, room_20, room_21,
          room_22, room_23, room_24, room_25, room_26, room_27]

Skill      XL: |  1  2  3  4  5  6  7  8  9 10 11 12 |
---------------+-------------------------------------+-----
Conjurations   | 4 7 8 10 11 13 14 15 | 15.0
Fire Magic     | 4 7 8 10 11 13 14 15 | 15.0
Spellcasting   | 4 5 6 7 8 10 | 10.0
Fighting       | 5 12 17 | 17.1
Dodging        | 5 10 14 | 14.8
Stealth        | |  1.7

Action                   |  1- 3 |  4- 6 |  7- 9 | 10-12 || total
-------------------------+-------+-------+-------+-------++-------
Melee: Double sword      |     4 |     7 |    13 |    36 ||    60
       Tailslap          |     1 |       |       |     2 ||     3
 Cast: Fireball          |       |       |    10 |    25 ||    35
  Use: Potion            |     4 |       |     1 |    11 ||    16
       Scroll            |       |       |       |     3 ||     3
 Stab: Invisible         |       |       |       |     1 ||     1
Armor: Skin              |       |     1 |       |    16 ||    17
Dodge: Dodged            |     1 |     6 |     9 |    90 ||   106
       Rpst.: Double sword |       |     4 |     3 |    16 ||    23

Table legend: (Time is in decaauts)
 A = Elapsed time spent in this place.
 B = Non-inter-level travel time spent in this place.
 C = Inter-level travel time spent in this place.
 D = Time resting spent in this place.
 E = Time spent auto-exploring this place.
 F = Levels seen in this place.
 G = Mean time per level.
                   A        B        C        D        E       F      G
               +--------+--------+--------+--------+--------+-----+--------+
         Total |   1578 |   1578 |      0 |   1278 |     21 |   1 | 1578.0 |
       Dungeon |   1578 |   1578 |      0 |   1278 |     21 |   1 | 1578.0 |
               +--------+--------+--------+--------+--------+-----+--------+

Top non-repeatable levels by time:
       D: 1578 daAuts
